Map: Île des contrebandiers EC

Players

zidar - Winner!

  • Race: Zerg Zerg
  • League: Gold
  • Spawn Location: 5:00

WiT

  • Race: Protoss Protoss
  • League: Gold
  • Spawn Location: 11:00

VOD

Have the link to the VOD?

Description

Time

  • Played on: Aug. 30, 2017, 3:29 p.m.
  • Length: 16:41
Show
View Real Time Build Order
Export as new Build Order

zidar Zerg - Winner!

Build Orders: Pool First 

Get SALT Encoding   

  12  0:02  Drone  
  13  0:13  Overlord  
  13  0:17  Drone  
  14  0:31  Drone x2  
  14  0:34  Drone  
  17  0:49  Spawning Pool  
  16  0:52  Drone  
  17  1:17  Hatchery  
  16  1:19  Drone  
  16  1:22  Extractor  
  16  1:25  Drone  
  17  1:44  Queen  
  19  1:49  Zergling x2  
  20  2:07  Overlord  
  20  2:10  Drone x2  
  21  2:25  Queen  
  23  2:35  Drone x3  
  26  2:43  Zergling x4  
  28  2:47  Metabolic Boost  
  28  2:54  Baneling Nest, Drone x2  
  29  3:01  Queen  
  31  3:07  Drone x2  
  31  3:10  Drone  
  34  3:28  Drone x2  
  34  3:29  Overlord  
  34  3:30  Overlord  
  34  3:31  Overlord  
  36  3:50  Drone  
  36  3:51  Drone x5  
  42  3:56  Overlord  
  42  4:19  Drone  
  42  4:20  Drone  
  44  4:32  Lair  
  44  4:34  Hatchery  
  44  4:36  Extractor  
  42  5:07  Queen, Evolution Chamber  
  42  5:13  Evolution Chamber  
  42  5:29  Extractor  
  42  5:33  Extractor  
  40  5:41  Zerg Melee Weapons Level 1  
  40  5:42  Hydralisk Den  
  39  5:44  Zerg Ground Armor Level 1  
  39  5:50  Drone x11  
  39  5:51  Drone x4  
  39  5:52  Drone x2  
  55  6:29  Zergling x16  
  55  6:30  Zergling x4  
  65  6:45  Drone x6  
  71  6:48  Drone x3  
  74  7:11  Muscular Augments  
  74  7:19  Infestation Pit  
  74  7:21  Overlord  
  74  7:22  Overlord x4  
  73  7:39  Hydralisk x11  
  95  7:45  Zerg Melee Weapons Level 2  
  95  7:48  Zerg Ground Armor Level 2  
  95  8:13  Hydralisk x9  
  113  8:21  Hatchery  
  113  8:22  Centrifical Hooks  
  112  8:30  Extractor  
  112  8:33  Extractor  
  110  8:41  Overseer  
  110  8:58  Drone x4  
  110  9:01  Overlord  
  110  9:02  Overlord x3  
  114  9:04  Overlord  
  114  9:05  Overlord x2  
  114  9:09  Hive  
  114  9:13  Spire  
  114  9:15  Drone  
  114  9:22  Drone  
  114  9:23  Drone x4  
  119  9:27  Baneling  
  119  9:28  Baneling x8  
  119  9:30  Baneling  
  119  10:01  Hatchery, Zergling x4  
  119  10:02  Zergling x30  
  135  10:15  Zergling x10  
  140  10:29  Drone x6  
  148  10:44  Greater Spire  
  148  10:47  Adrenal Glands  
  146  11:11  Corruptor x4  
  146  11:12  Corruptor  
  155  11:21  Overlord x3  
  155  11:39  Zerg Melee Weapons Level 3  
  155  11:40  Zerg Ground Armor Level 3  
  155  11:46  Baneling x11  
  155  11:54  Zergling x12  
  155  11:55  Zergling x14  
  155  11:56  Hydralisk x9  
  186  12:04  Brood Lord  
  188  12:17  Brood Lord  
  190  12:50  Zerg Flyer Armor Level 1  
  190  12:55  Brood Lord  
  190  12:56  Brood Lord  
  194  13:01  Overlord x2  
  194  13:03  Overseer  
  194  13:27  Extractor  
  194  13:30  Extractor  
  192  13:55  Zergling x2  
  193  13:56  Zergling x10  
  193  13:57  Zergling x2  
  193  13:59  Baneling x2  
  193  14:00  Baneling x12  
  193  14:01  Baneling x5  
  115  15:12  Zergling x28  
  115  15:13  Zergling x44  
  144  15:17  Hydralisk x3  
  144  15:18  Hydralisk x15  
Show
View Real Time Build Order
Export as new Build Order

WiT Protoss 

Build Orders: Colossus Rush 

Get SALT Encoding   

  12  0:01  Probe (Chrono Boost)  
  13  0:11  Probe (Chrono Boost)  
  14  0:20  Pylon  
  14  0:24  Probe (Chrono Boost)  
  15  0:39  Probe (Chrono Boost)  
  15  0:40  Gateway  
  16  0:49  Probe (Chrono Boost)  
  17  0:50  Assimilator  
  17  0:55  Assimilator  
  17  1:00  Probe (Chrono Boost)  
  18  1:15  Probe (Chrono Boost)  
  19  1:20  Assimilator  
  20  1:25  Probe (Chrono Boost)  
  20  1:36  Probe (Chrono Boost)  
  21  1:45  Cybernetics Core  
  21  1:49  Probe (Chrono Boost)  
  22  1:59  Probe (Chrono Boost)  
  23  2:17  Pylon  
  23  2:24  Warp Gate  
  23  2:35  Stalker  
  23  2:36  Mothership Core (Chrono Boost)  
  27  2:37  Nexus  
  27  2:54  Probe (Chrono Boost)  
  28  3:04  Probe (Chrono Boost)  
  28  3:05  Robotics Facility, Sentry  
  31  3:20  Gateway  
  31  3:23  Pylon  
  31  3:29  Pylon  
  31  3:32  Probe (Chrono Boost)  
  31  3:42  Probe (Chrono Boost)  
  31  3:44  Pylon  
  31  3:47  Sentry  
  34  3:49  Probe (Chrono Boost)  
  34  3:53  Probe (Chrono Boost)  
  36  4:00  Probe (Chrono Boost)  
  37  4:03  Probe (Chrono Boost)  
  38  4:10  Immortal  
  42  4:21  Probe x2 (Chrono Boost)  
  45  4:31  Probe x2 (Chrono Boost)  
  46  4:38  Robotics Bay  
  46  4:41  Twilight Council  
  46  4:42  Probe x2 (Chrono Boost)  
  48  4:52  Probe (Chrono Boost), Stalker x2  
  54  4:53  Probe (Chrono Boost)  
  54  4:56  Assimilator  
  54  4:58  Assimilator  
  54  5:03  Probe x2 (Chrono Boost)  
  56  5:23  Probe x2 (Chrono Boost)  
  58  5:37  Stalker  
  58  5:38  Stalker  
  58  5:41  Colossus (Chrono Boost)  
  68  6:09  Forge  
  68  6:11  Gateway  
  68  6:14  Gateway  
  68  6:16  Probe  
  68  6:17  Gateway  
  68  6:18  Probe  
  70  6:22  Gateway  
  70  6:24  Gateway  
  70  6:26  Nexus, Pylon  
  70  6:32  Pylon  
  70  6:42  Protoss Ground Weapons Level 1, Probe  
  70  6:43  Pylon  
  70  6:44  Probe  
  78  6:47  Colossus (Chrono Boost)  
  78  6:53  Probe  
  78  6:56  Charge, Probe  
  80  7:01  Zealot x2  
  84  7:22  Probe  
  84  7:23  Pylon  
  84  7:24  Probe  
  84  7:25  Pylon  
  86  7:30  Stalker x4  
  86  7:36  Probe  
  94  7:41  Zealot x3  
  101  7:54  Sentry  
  101  7:55  Sentry, Stalker  
  101  7:56  Stalker  
  109  8:12  Pylon  
  109  8:15  Pylon  
  109  8:20  Templar Archives  
  109  8:22  Extended Thermal Lance  
  109  8:25  Warp Prism (Chrono Boost)  
  111  8:29  Zealot x4  
  111  8:30  Zealot  
  121  8:36  Blink (Chrono Boost)  
  121  8:39  Probe x3  
  124  8:49  Probe  
  124  8:51  Probe x2  
  127  8:59  Immortal  
  127  9:02  High Templar x3  
  135  9:03  High Templar  
  139  9:15  Archon  
  139  9:16  Archon  
  139  9:20  Pylon  
  139  9:27  Assimilator  
  139  9:31  Assimilator, Pylon  
  139  9:34  Protoss Ground Armor Level 1  
  139  9:37  Forge  
  139  9:38  Observer  
  139  9:44  Gateway  
  140  9:46  Gateway  
  140  9:49  Gateway  
  140  9:52  Pylon  
  140  9:54  Pylon  
  140  9:56  Pylon  
  140  9:57  Zealot  
  140  9:58  Zealot x3  
  140  9:59  Stalker x2  
  153  10:00  Observer, Stalker  
  155  10:09  Protoss Ground Weapons Level 2  
  155  10:12  Psionic Storm  
  155  10:20  Zealot  
  157  10:34  High Templar x3  
  163  10:43  Zealot x4  
  170  11:03  Colossus  
  176  11:06  Stalker x2  
  180  11:20  Nexus  
  180  11:26  Pylon  
  180  11:44  Probe  
  180  11:45  Probe x2  
  180  11:46  Pylon  
  183  11:47  Pylon  
  183  11:49  Pylon  
  183  11:50  Pylon  
  183  11:58  Observer  
  183  12:01  Protoss Ground Armor Level 2  
  184  12:16  Stargate  
  184  12:17  Stargate  
  184  12:21  High Templar x3  
  184  12:22  High Templar  
  192  12:25  Archon  
  192  12:27  Archon  
  192  12:33  Probe  
  192  12:34  Probe  
  192  12:35  Probe  
  192  12:36  Assimilator  
  195  12:40  Assimilator  
  195  12:43  Pylon  
  195  13:09  Protoss Ground Weapons Level 3  
  194  14:35  Stalker  
  164  14:56  Zealot  
  164  14:57  Zealot x2, Stalker  
  164  14:58  Stalker x5  
  164  14:59  Stalker  
  91  15:15  Observer  
  92  15:24  Stalker x3  
  92  15:25  Zealot x2, Stalker  
  92  15:26  Zealot x4  
  112  15:36  Immortal  
  100  15:53  Zealot x5  
  100  15:54  Zealot x5  
  55  16:14  Stalker  
  55  16:15  Stalker x5  
  55  16:16  Stalker x3  
Tags
 
Add a new tag
Caveats
  • Supply blocks, unpowered buildings, or Contaminate may cause inaccurate times.
  • Supply counts are checked every 10 seconds.